 Dungeon Crawl Stone Soup version 0.31-a0-234-gad7ace16ef (webtiles) character file.

Game seed: 6631251426679920067

170 qw the Shooter (level 5, -1/45 HPs)
             Began as a Minotaur Hexslinger on July 9, 2023.
             Slain by a gnoll
             ... wielding a +0 spear
              (4 damage)
             ... on level 3 of the Dungeon.
             The game lasted 00:00:50 (2016 turns).

qw the Shooter (Minotaur Hexslinger)                Turns: 2016, Time: 00:00:50

Health: -1/45      AC:  7    Str: 12    XL:     5   Next: 25%
Magic:  5/5        EV: 11    Int: 10    God:
Gold:   209        SH:  0    Dex: 15    Spells: 5/6 levels left

rFire   + . .        Y - +2 sling
rCold   . . .        (no shield)
rNeg    . . .        e - +0 ring mail
rPois   .            (helmet restricted)
rElec   .            (no cloak)
rCorr   .            (no gloves)
SInv    .            (no boots)
Will    .....        (no amulet)
Stlth   +            (no ring)
HPRegen 0.27/turn    (no ring)
MPRegen 0.09/turn

%: no passive effects
@: no status effects
A: horns 2, retaliatory headbutt, talons 1, iridescent scales 1, fire resistance
1, MP-powered wands
a: no special abilities


You were on level 3 of the Dungeon.
You visited 1 branch of the dungeon, and saw 3 of its levels.

You collected 209 gold pieces.


Innate Abilities, Weirdness & Mutations

You have a pair of horns on your head.
You reflexively headbutt those who attack you in melee.
You have sharp toenails.
You are partially covered in iridescent scales. (AC +2)
Your flesh is heat resistant. (rF+)
You expend magic power (3 MP) to strengthen your wands.


   Skills:
 - Level 3.1 Fighting
 + Level 5.1 Ranged Weapons
 - Level 1.4 Armour
 - Level 2.1 Dodging
 - Level 1.0 Spellcasting
 - Level 2.0 Hexes


You had 5 spell levels left.
You knew the following spells:

 Your Spells              Type           Power      Damage    Failure   Level
a - Slow                  Hex            16%        N/A       32%         1

Your spell library contained the following spells:

 Spells                   Type           Power      Damage    Failure   Level
 Inner Flame              Hex/Fire       2%         N/A       83%         3
 Portal Projectile        Hex/Tloc       4%         N/A       83%         3
 Cause Fear               Hex            2%         N/A       97%         4

Inventory:

Hand Weapons
 Y - a +2 sling (weapon)
Armour
 e - a +0 ring mail (worn)
Scrolls
 a - a scroll of butterflies {unknown}
 b - a scroll of torment {unknown}
 f - a scroll of identify
Potions
 d - a potion of curing
 g - a potion of invisibility {unknown}
 h - a potion of brilliance {unknown}

Dungeon Overview and Level Annotations

Branches:
Dungeon (3/15)

Altars:


Message History

The gnoll barely misses you.
You shoot a sling bullet. The sling bullet hits the gnoll.
You kill the gnoll!
The gnoll hits you from afar with a +0 spear.
You shoot a sling bullet. The sling bullet hits the gnoll.
The gnoll is lightly wounded.
The gnoll hits you but does no damage.
The gnoll hits you from afar with a +0 spear.
The gnoll hits you but does no damage.
You shoot a sling bullet.
The sling bullet barely misses the gnoll.
The sling bullet hits the frilled lizard!
You kill the frilled lizard!
The gnoll barely misses you.
The gnoll hits you from afar with a +0 spear.
You shoot a sling bullet.
The sling bullet closely misses the gnoll.
The gnoll hits you but does no damage. The gnoll barely misses you.
You shoot a sling bullet.
The sling bullet hits the gnoll but does no damage.
The gnoll hits you with a +0 flail!
The gnoll hits you from afar with a +0 spear.
The gnoll closely misses you. The gnoll barely misses you.
The gnoll closely misses you. The gnoll barely misses you.
You shoot a sling bullet. The sling bullet hits the gnoll.
The gnoll is moderately wounded.
The gnoll hits you with a +0 flail. The gnoll barely misses you.
The gnoll closely misses you.
You shoot a sling bullet.
The sling bullet hits the gnoll but does no damage.
The gnoll is moderately wounded.
The gnoll hits you with a +0 flail!
The gnoll hits you from afar with a +0 spear.
The gnoll barely misses you.
You shoot a sling bullet.
The sling bullet hits the gnoll but does no damage.
The gnoll is moderately wounded.
The gnoll hits you with a +0 flail.
The gnoll hits you from afar with a +0 spear.
You die...

#.......................##
#...#......)......#....###
#...##.......[%...#....###
#######...##.<[...........
##......#.###...##..
##..#.)..####..##..
##.......###......
#....#....####....
#@##.#....#####...
#g##.#..#.........
gg...#.......###..
........###.#.# #..
...%.....###...###..
............###..###.
...#..............##..
..........#..<.##......
.......#..#.##...


You could see 3 gnolls.

Vanquished Creatures
  Terence (D:2)
  An orc wizard (D:2)
  A gnoll (D:3)
  4 adders
  3 worms
  3 dart slugs
  2 orcs (D:3)
  4 bats
  7 endoplasms
  4 goblins
  9 hobgoblins
  2 kobolds
  2 quokkas (D:2)
  5 ball pythons
  5 frilled lizards
  3 rats (D:2)
56 creatures vanquished.

Notes
Turn   | Place    | Note
-------+----------+-------------------------------------------
     0 | D:1      | qw the Minotaur Hexslinger began the quest for the Orb.
     0 | D:1      | Reached XP level 1. HP: 16/16 MP: 1/1
     0 | D:1      | 0 ||| qw: Version: 0.3-a-51-g015441d
     0 | D:1      | 0 ||| qw: Game counter: 4255
     0 | D:1      | 0 ||| qw: Melee chars always use a shield: true
     0 | D:1      | 0 ||| qw: God list: Okawaru
     0 | D:1      | 0 ||| qw: Allow faded altars: false
     0 | D:1      | 0 ||| qw: Do Orc after clearing Dungeon:15 true
     0 | D:1      | 0 ||| qw: Do second Lair branch before Depths: true
     0 | D:1      | 0 ||| qw: Lair rune preference: random
     0 | D:1      | 0 ||| qw: Goals: Normal
     0 | D:1      | 0 ||| PLANNING D:1-11
   251 | D:1      | Reached skill level 3 in Ranged Weapons
   251 | D:1      | Reached XP level 2. HP: 22/23 MP: 2/2
   680 | D:1      | 680 ||| UPGRADING to +0 ring mail.
   690 | D:1      | 690 ||| DROPPING +0 robe.
   691 | D:1      | 691 ||| READING scroll labelled NUEMU NYC SAOH.
   692 | D:1      | 692 ||| READING 3 scrolls labelled HEABYCZ CECVIN.
   693 | D:1      | 693 ||| READING scroll labelled BEINLU IMPYAR.
   694 | D:1      | 694 ||| READING scroll labelled FIAFRUDYNA.
   695 | D:1      | 695 ||| READING scroll labelled ERAIJA JULAMN.
   696 | D:1      | 696 ||| READING 2 scrolls of identify.
   696 | D:1      | 696 ||| IDENTIFYING bubbling puce potion
   697 | D:1      | 697 ||| DROPPING scroll of poison.
   698 | D:1      | 698 ||| DROPPING potion of magic.
   781 | D:2      | Reached XP level 3. HP: 29/29 MP: 3/3
   989 | D:2      | Reached skill level 4 in Ranged Weapons
  1112 | D:2      | Reached skill level 1 in Armour
  1130 | D:2      | You fall into a shaft and drop 1 floor!
  1235 | D:3      | 1235 ||| READING scroll labelled GAWEH YGUJIRA.
  1240 | D:3      | 1240 ||| DRINKING 2 lumpy green potions.
  1240 | D:3      | Gained mutation: Your flesh is heat resistant. (rF+)
                  | [potion of mutation]
  1240 | D:3      | Gained mutation: You are weak. (Str -2) [potion of
                  | mutation]
  1240 | D:3      | Gained mutation: You occasionally lose the ability to read
                  | scrolls when taking damage. [potion of mutation]
  1240 | D:3      | Gained mutation: You have supernaturally acute eyesight.
                  | (SInv) [potion of mutation]
  1241 | D:3      | 1241 ||| DRINKING potion of mutation.
  1241 | D:3      | Lost mutation: You have supernaturally acute eyesight.
                  | (SInv) [potion of mutation]
  1241 | D:3      | Lost mutation: You occasionally lose the ability to read
                  | scrolls when taking damage. [potion of mutation]
  1241 | D:3      | Lost mutation: You are weak. (Str -2) [potion of mutation]
  1241 | D:3      | Gained mutation: You are partially covered in iridescent
                  | scales. (AC +2) [potion of mutation]
  1241 | D:3      | Gained mutation: You expend magic power (3 MP) to
                  | strengthen your wands. [potion of mutation]
  1241 | D:3      | Gained mutation: You have sharp toenails. [potion of
                  | mutation]
  1242 | D:3      | 1242 ||| READING 3 scrolls of identify.
  1242 | D:3      | 1242 ||| IDENTIFYING fuming inky potion
  1243 | D:3      | 1243 ||| READING 2 scrolls of identify.
  1243 | D:3      | 1243 ||| IDENTIFYING cyan potion
  1244 | D:3      | 1244 ||| DROPPING potion of degeneration.
  1303 | D:2      | Reached XP level 4. HP: 36/36 MP: 4/4
  1450 | D:2      | Noticed Terence
  1467 | D:2      | Killed Terence
  1696 | D:2      | 1696 ||| READING scroll labelled OFFEHI FAOWN.
  1697 | D:2      | 1697 ||| READING scroll labelled NEVVONUNAO.
  1747 | D:3      | Reached skill level 5 in Ranged Weapons
  1761 | D:3      | 1761 ||| STAIRDANCE
  1774 | D:2      | Reached skill level 3 in Fighting
  1774 | D:2      | Reached XP level 5. HP: 23/45 MP: 5/5
  2015 | D:3      | HP: 11/45 [gnoll/+0 flail (8)]
  2016 | D:3      | HP: 3/45 [gnoll/+0 flail (5)]
  2016 | D:3      | Slain by a gnoll

Levels and vault maps discovered:
D:1:      giann_horns, layout_loops_ring, corexii_leaking_fountain,
          grunt_decor_arrowhead, chequers_serial_rivers_large_b
D:2:      layout_loops_ring, grunt_decor_mini_mirrors, uniq_terence
D:3:      layout_rooms

Skill      XL: |  1  2  3  4 |
---------------+-------------+-----
Ranged Weapons | 3 4 5 |  5.1
Fighting       | 2 3 |  3.1
Armour         | 1 |  1.4
Dodging        | |  2.1
Spellcasting   | |  1.0
Hexes          | |  2.0

Action                     |  1- 3 |  4- 6 || total
---------------------------+-------+-------++-------
   Fire: Sling             |   112 |    82 ||   194
    Use: Scroll            |     9 |     2 ||    11
         Potion            |     2 |       ||     2
 Armour: Ring mail         |     7 |    30 ||    37
  Dodge: Dodged            |    18 |    53 ||    71

Table legend:
 A = Non-vault XP
 B = Vault XP
 C = Vault XP percentage of total XP
 D = Non-vault monster count
 E = Vault monster count
 F = Vault count percentage of total count
                 A         B        C        D         E       F
            +---------+---------+-------+---------+---------+-------
      Total |     207 |      36 |  14.8 |      55 |       1 |   1.8
            +---------+---------+-------+---------+---------+-------
        D:1 |      34 |       0 |   0.0 |      18 |       0 |   0.0
        D:2 |     116 |      36 |  23.7 |      23 |       1 |   4.2
        D:3 |      57 |       0 |   0.0 |      14 |       0 |   0.0
            +---------+---------+-------+---------+---------+-------
